[Event "Titled Tuesday Blitz June 20 Early 2023"]
[White "Reprintsev, Alexander"]
[Black "Clawitter, Craig"]
[WhiteFideId "14100541"]
[BlackFideId "2023105"]
[WhiteElo "2229"]
[BlackElo "2239"]
[Result "1-0"]
[Round "3"]
[TimeControl "180+2"]
[Date "2023.06.20"]
[WhiteClock "0:00:44"]
[BlackClock "0:00:00"]
[Board "202"]

1. e4 e6 2. d4 d5 3. Nc3 Bb4 4. Ne2 dxe4 5. a3 Be7 6. Nxe4 Nf6 7. Qd3 O-O 8. Bf4 Nc6 9. O-O-O Nxe4 10. Qxe4 Qd5 11. Nc3 Qxe4 12. Nxe4 Rd8 13. c3 e5 14. dxe5 Rxd1+ 15. Kxd1 Bf5 16. Ng3 Rd8+ 17. Kc1 Bg6 18. b4 a5 19. Bb5 axb4 20. cxb4 Nd4 21. Bc4 b5 22. Ba2 c5 23. bxc5 Bxc5 24. Kb2 Ra8 25. Bd5 Rxa3 26. Ra1 Rxa1 27. Kxa1 Kf8 28. Kb2 Ke7 29. Be3 Ne6 30. Bxc5+ Nxc5 31. Kc3 Nd3 32. Kd4 Nxf2 33. h3 Nd1 34. Ne2 Nb2 35. Nc3 b4 36. Nb5 Nd3 37. Na7 f6 38. Nc6+ Kd7 39. e6+ 1-0


[Site "https://www.chess.com"]

[Event "Titled Tuesday Blitz June 20 Early 2023"]
[White "Tuleyeva-Aketayeva, Dana"]
[Black "Lucas, Arthur"]
[WhiteFideId "13701932"]
[BlackFideId "26093073"]
[WhiteElo "2030"]
[BlackElo "2251"]
[Result "0-1"]
[Round "3"]
[TimeControl "180+2"]
[Date "2023.06.20"]
[WhiteClock "0:00:06"]
[BlackClock "0:00:18"]
[Board "203"]

1. d4 c5 2. d5 e5 3. g3 d6 4. Bg2 b5 5. e3 f5 6. Ne2 Nf6 7. O-O Be7 8. c4 b4 9. a3 a5 10. b3 Na6 11. a4 O-O 12. Bb2 Nc7 13. Nd2 Bd7 14. Qc2 Qe8 15. Bf3 g5 16. Bg2 Qg6 17. Rac1 Kf7 18. f4 gxf4 19. exf4 e4 20. Rfe1 h5 21. Nf1 h4 22. Ne3 Rh8 23. Kf2 Rag8 24. Rg1 Rh7 25. Rh1 Nce8 26. Rcg1 Ng4+ 27. Nxg4 Qxg4 28. h3 hxg3+ 29. Ke3 Qg6 30. Ba1 Nf6 31. Rf1 Nh5 32. Bb2 Bf6 33. Bxf6 Qxf6 34. Qc1 Be8 35. Qa1 Qg6 36. Qb2 Ke7 37. Qa1 Nf6 38. Qb2 Qg7 39. Qa1 Bh5 40. Re1 Kf7 41. Ref1 Re8 42. Re1 Bf3 43. Bxf3 exf3+ 44. Kxf3 g2 45. Rhg1 Rxh3+ 46. Kf2 Ne4# 0-1


[Site "https://www.chess.com"]

[Event "Titled Tuesday Blitz June 20 Early 2023"]
[White "Cheng, Xiao"]
[Black "Thiel, Thomas"]
[WhiteFideId "2022915"]
[BlackFideId "4615964"]
[WhiteElo "2426"]
[BlackElo "2228"]
[Result "1-0"]
[Round "3"]
[TimeControl "180+2"]
[Date "2023.06.20"]
[WhiteClock "0:01:57"]
[BlackClock "0:01:31"]
[Board "204"]

1. d4 d5 2. Nf3 Nf6 3. c4 dxc4 4. Nc3 Bg4 5. Ne5 Be6 6. e3 Nbd7 7. Nxc4 Nb6 8. Ne5 Nfd7 9. f4 Nxe5 10. fxe5 Bf5 11. Bd3 Bxd3 12. Qxd3 e6 13. O-O c5 14. Kh1 cxd4 15. exd4 Qd7 16. Ne4 Rd8 17. Be3 Nd5 18. Bg1 Be7 19. Rf3 O-O 20. a3 Rc8 21. Rh3 g6 22. Qd2 f5 23. exf6 Nxf6 24. Qh6 Bd8 25. Nxf6+ Bxf6 26. Qd2 Qxd4 27. Bxd4 1-0


[Site "https://www.chess.com"]

[Event "Titled Tuesday Blitz June 20 Early 2023"]
[White "Nithyalakshmi, Sivanesan"]
[Black "Vega Gutierrez, Sabrina"]
[WhiteFideId "5706955"]
[BlackFideId "2219026"]
[WhiteElo "1815"]
[BlackElo "2209"]
[Result "1-0"]
[Round "3"]
[TimeControl "180+2"]
[Date "2023.06.20"]
[WhiteClock "0:00:04"]
[BlackClock "0:00:00"]
[Board "205"]

1. e4 c5 2. Nc3 Nc6 3. Bb5 Nd4 4. Nf3 a6 5. Bd3 Nc6 6. O-O e6 7. b3 Nge7 8. Bb2 Ng6 9. g3 Be7 10. Re1 O-O 11. Bf1 d5 12. exd5 exd5 13. d4 Bg4 14. dxc5 Bxc5 15. h3 Be6 16. Na4 Ba7 17. Bg2 Qc7 18. Nd4 b5 19. Nxc6 Qxc6 20. Nc3 Rad8 21. Ne2 Qd7 22. h4 d4 23. Nc1 Bg4 24. Qd2 Rfe8 25. Nd3 Qf5 26. Rxe8+ Rxe8 27. Re1 Rxe1+ 28. Qxe1 h6 29. Qe4 Qc8 30. Bxd4 Bxd4 31. Qxd4 Qxc2 32. Nb4 Qb1+ 33. Kh2 h5 34. Nxa6 Qxa2 35. Nc5 Qe2 36. Nd7 Kh7 37. Nc5 Ne7 38. Qd3+ Qxd3 39. Nxd3 1-0


[Site "https://www.chess.com"]

[Event "Titled Tuesday Blitz June 20 Early 2023"]
[White "Marn, Jan"]
[Black "Vila Dupla, Aurelio"]
[WhiteFideId "14619245"]
[BlackFideId "2203383"]
[WhiteElo "2242"]
[BlackElo "2009"]
[Result "1-0"]
[Round "3"]
[TimeControl "180+2"]
[Date "2023.06.20"]
[WhiteClock "0:00:26"]
[BlackClock "0:01:00"]
[Board "206"]

1. d4 Nf6 2. Nf3 g6 3. Nbd2 d5 4. e3 Bg7 5. b4 O-O 6. c4 b6 7. a4 c5 8. dxc5 Ne4 9. Nxe4 Bxa1 10. Qxd5 Qxd5 11. cxd5 bxc5 12. bxc5 Bf5 13. Ned2 Bc2 14. Bc4 Nd7 15. Ba3 Bc3 16. Ke2 Rfc8 17. Rc1 Bxd2 18. Rxc2 Ba5 19. c6 Nb6 20. Bxe7 Nxa4 21. d6 Nc3+ 22. Kd3 Rxc6 23. Rxc3 Bxc3 24. Kxc3 Rac8 25. Ne5 1-0


[Site "https://www.chess.com"]

[Event "Titled Tuesday Blitz June 20 Early 2023"]
[White "Kiseleva, Arina"]
[Black "Gomes, Luiz Alexandre de Souza"]
[WhiteFideId "4164989"]
[BlackFideId "2102790"]
[WhiteElo "1701"]
[BlackElo "2411"]
[Result "0-1"]
[Round "3"]
[TimeControl "180+2"]
[Date "2023.06.20"]
[WhiteClock "0:00:00"]
[BlackClock "0:00:34"]
[Board "207"]

1. d4 Nf6 2. Nf3 g6 3. c4 c5 4. d5 d6 5. Nc3 Bg7 6. e4 b5 7. cxb5 a6 8. b6 O-O 9. Be2 Qxb6 10. O-O Nbd7 11. Nd2 a5 12. Nc4 Qd8 13. f4 Ne8 14. Be3 Ba6 15. Rc1 Bxc4 16. Bxc4 Nb6 17. b3 Nc7 18. e5 a4 19. Nxa4 Nxa4 20. bxa4 Na6 21. Qe2 Qc8 22. Bf2 Nc7 23. Rfe1 Rxa4 24. Bh4 Qd7 25. e6 fxe6 26. dxe6 Qe8 27. Rf1 Bd4+ 28. Kh1 Bf6 29. Bxf6 Rxf6 30. g3 Qa8+ 31. Kg1 Rb4 32. g4 Qb7 33. f5 Rb2 34. Rc2 Rxc2 35. Qxc2 d5 36. Bd3 c4 37. fxg6 cxd3 38. gxh7+ Kxh7 39. Qxd3+ Kg7 40. Rxf6 exf6 41. e7 Ne8 42. Qe3 Kf7 43. Qd4 Kxe7 44. g5 Qb1+ 45. Kg2 Qxa2+ 46. Kh3 Qb3+ 47. Kg2 Qc2+ 48. Kh3 Qf5+ 49. Kg2 Qxg5+ 50. Kf3 Qf5+ 51. Kg2 Qe4+ 0-1


[Site "https://www.chess.com"]

[Event "Titled Tuesday Blitz June 20 Early 2023"]
[White "FromTexas54"]
[Black "Tsyhanchuk, Stanislav"]
[BlackFideId "13505130"]
[WhiteElo "2407"]
[BlackElo "2173"]
[Result "1-0"]
[Round "3"]
[TimeControl "180+2"]
[Date "2023.06.20"]
[WhiteClock "0:00:04"]
[BlackClock "0:00:08"]
[Board "208"]

1. Nf3 Nf6 2. d4 e6 3. e3 d5 4. Be2 Be7 5. O-O O-O 6. b3 b6 7. Nbd2 Bb7 8. Bb2 Nbd7 9. c4 Rc8 10. Ne5 Nxe5 11. dxe5 Ne4 12. Nxe4 dxe4 13. Qc2 Bc5 14. Rad1 Qg5 15. Kh1 a5 16. a3 Rcd8 17. h3 Qh4 18. Qc3 Rxd1 19. Bxd1 Rd8 20. Bc2 h6 21. b4 axb4 22. axb4 Bf8 23. Bb3 Ba6 24. Kg1 Qe7 25. b5 Bb7 26. Bc2 Qb4 27. Ra1 Ra8 28. Rxa8 Bxa8 29. g4 Qc5 30. Qb3 Be7 31. Bd4 Qb4 32. Qa2 Qa3 33. Qxa3 Bxa3 34. Kg2 Kf8 35. h4 g5 36. Kg3 Ke7 37. h5 Bb4 38. Kg2 Ba3 39. Kf1 Bb4 40. Bb1 Ba3 41. Ke2 Bb4 42. Kd1 Bb7 43. Ke2 Ba3 44. Kf1 Bb4 45. Bc2 Ba8 46. Bd1 Bb7 47. Kg2 c6 48. Bxb6 c5 49. Bc7 Kd7 50. Bd6 f6 51. Bf8 fxe5 52. Bxh6 Bc3 53. Bxg5 Bd5 54. Be2 Ke8 55. h6 Kf7 56. Bd8 Bb7 57. g5 Kg6 58. Bh5+ Kh7 59. Bf7 Bb4 60. Bxe6 Bc3 61. Bf5+ Kg8 62. h7+ Kh8 63. Bf6# 1-0


[Site "https://www.chess.com"]

[Event "Titled Tuesday Blitz June 20 Early 2023"]
[White "Fudalej, Michal"]
[Black "Gatterer, Florian"]
[WhiteFideId "1118781"]
[BlackFideId "811688"]
[WhiteElo "2088"]
[BlackElo "2221"]
[Result "0-1"]
[Round "3"]
[TimeControl "180+2"]
[Date "2023.06.20"]
[WhiteClock "0:00:00"]
[BlackClock "0:00:31"]
[Board "209"]

1. Nf3 d5 2. g3 c5 3. Bg2 Nc6 4. c4 Nf6 5. b3 e6 6. Bb2 Be7 7. O-O O-O 8. e3 b6 9. Nc3 Bb7 10. cxd5 Nxd5 11. Nxd5 exd5 12. d4 c4 13. bxc4 dxc4 14. d5 Nb4 15. Ne5 b5 16. e4 f6 17. a3 Na6 18. Ng4 Nc5 19. Ne3 Nd3 20. Bc3 a5 21. Rb1 b4 22. Nxc4 Ba6 23. Qxd3 bxc3 24. Rfc1 Bxa3 25. Rxc3 Bb4 26. Rc2 Rc8 27. Qb3 Kh8 28. Ne3 Qe7 29. Rbc1 g6 30. Rxc8 Rxc8 31. Rxc8+ Bxc8 32. Qa4 Kg7 33. Nc4 Bd7 34. Qa2 Qc5 35. h4 h5 36. Ne3 Bb5 37. Kh2 a4 38. g4 hxg4 39. Nxg4 Qd6+ 40. Kh1 Qf4 0-1


[Site "https://www.chess.com"]

[Event "Titled Tuesday Blitz June 20 Early 2023"]
[White "Politov, Pavel Y."]
[Black "Ai, Evan"]
[WhiteFideId "24110515"]
[BlackFideId "2094770"]
[WhiteElo "2066"]
[BlackElo "1963"]
[Result "0-1"]
[Round "3"]
[TimeControl "180+2"]
[Date "2023.06.20"]
[WhiteClock "0:00:19"]
[BlackClock "0:00:45"]
[Board "210"]

1. e4 e5 2. Nf3 Nc6 3. Bc4 Nf6 4. d3 Bc5 5. O-O d6 6. c3 Bg4 7. Nbd2 a6 8. Bb3 Qe7 9. h3 Bd7 10. Re1 h6 11. Nf1 g5 12. Be3 Bxe3 13. Nxe3 Rg8 14. Nd2 h5 15. Nd5 Nxd5 16. exd5 Na7 17. Qxh5 g4 18. hxg4 Bxg4 19. Qh6 O-O-O 20. Qe3 Kb8 21. f3 Bh3 22. Re2 Qh4 23. Kf1 Bxg2+ 24. Rxg2 Rxg2 25. Kxg2 Rg8+ 26. Kf1 Qh1+ 27. Ke2 Rg2+ 28. Qf2 Rxf2+ 29. Kxf2 Qxa1 30. Ne4 Qxb2+ 31. Ke3 f5 32. Nf6 Qxc3 33. f4 Qc1+ 34. Kf3 Qxf4+ 35. Ke2 Qh2+ 0-1


[Site "https://www.chess.com"]

[Event "Titled Tuesday Blitz June 20 Early 2023"]
[White "SicilianPanzer"]
[Black "Makhmudov, Shukhrat"]
[BlackFideId "14200775"]
[WhiteElo "2210"]
[BlackElo "2135"]
[Result "1-0"]
[Round "3"]
[TimeControl "180+2"]
[Date "2023.06.20"]
[WhiteClock "0:00:07"]
[BlackClock "0:00:39"]
[Board "211"]

1. e4 e5 2. Nf3 Nc6 3. Nc3 Nf6 4. a3 d5 5. Bb5 d4 6. Ne2 Bd6 7. d3 h6 8. c3 dxc3 9. bxc3 Bd7 10. O-O a6 11. Bc4 O-O 12. Ng3 Qc8 13. Nh4 Be6 14. Nhf5 Bxc4 15. dxc4 Qe6 16. Nxg7 Kxg7 17. Nf5+ Kh7 18. Bxh6 Rg8 19. Qf3 Ng4 20. Bd2 Rg6 21. h3 Nf6 22. Be3 Ne7 23. Nh4 Rg7 24. c5 Rag8 25. cxd6 cxd6 26. Rad1 d5 27. exd5 Qxd5 28. Rxd5 Nexd5 29. Qf5+ Kh8 30. Qxe5 Rh7 31. Qd4 Rgg7 32. c4 Nxe3 33. fxe3 Ng4 34. Rxf7 Rxh4 35. Rxg7 Nh6 36. Rg6+ Rxd4 37. exd4 Kh7 38. Rb6 Nf5 39. Rxb7+ Kg6 40. d5 Kf6 41. Rb6+ Kf7 42. Rxa6 Ne3 43. Ra4 Nf5 44. Rb4 Nd6 45. g4 Ke7 46. Kg2 Kd7 47. Kf3 Kc7 48. Kf4 1-0


[Site "https://www.chess.com"]

[Event "Titled Tuesday Blitz June 20 Early 2023"]
[White "Fiedorek, Michal"]
[Black "campochess"]
[WhiteFideId "1199528"]
[WhiteElo "2135"]
[BlackElo "2198"]
[Result "1-0"]
[Round "3"]
[TimeControl "180+2"]
[Date "2023.06.20"]
[WhiteClock "0:00:08"]
[BlackClock "0:00:50"]
[Board "212"]

1. e4 c5 2. Nc3 Nc6 3. Bb5 e6 4. Nf3 Nge7 5. O-O a6 6. Bxc6 Nxc6 7. d4 cxd4 8. Nxd4 Be7 9. Be3 O-O 10. Qe2 d5 11. exd5 exd5 12. Rad1 Re8 13. Qf3 Be6 14. Nf5 Bf6 15. Nd4 Ne5 16. Qg3 Nc4 17. Bc1 Rc8 18. Rfe1 Qd6 19. Qxd6 Nxd6 20. f3 Bxd4+ 21. Rxd4 Bf5 22. Rxe8+ Nxe8 23. Nxd5 Rxc2 24. Bf4 Be6 25. Nc3 Kf8 26. Rb4 b5 27. a4 bxa4 28. Nxa4 Rc4 29. Rxc4 Bxc4 30. Kf2 Ke7 31. Ke3 Nf6 32. Kd4 Bf1 33. g3 Bg2 34. Ke3 Nd5+ 35. Kf2 Bh3 36. Bd2 Bd7 37. Nc5 Bb5 38. f4 Kd6 39. Ne4+ Kc6 40. Ng5 f6 41. Nxh7 Bd3 42. Nf8 Nc7 43. Bb4 Nd5 44. Ba3 Bf5 45. Kf3 Bc8 46. g4 Nb6 47. Ng6 Nc4 48. Ne7+ Kd7 49. Nxc8 Nxa3 50. bxa3 Kxc8 51. Ke4 Kd7 52. Kd5 g6 53. a4 a5 54. h4 Ke7 55. Kc5 Ke6 56. Kb5 Kd5 57. Kxa5 Ke4 58. Kb6 Kxf4 59. a5 Kxg4 60. a6 Kxh4 61. a7 f5 62. a8=Q g5 63. Qa1 f4 64. Qh1+ Kg4 65. Qg2+ Kf5 66. Kc5 g4 67. Kd4 f3 68. Qg3 Kg5 69. Ke3 Kh5 70. Kf4 Kh6 71. Qxg4 f2 72. Qh4+ 1-0


[Site "https://www.chess.com"]

[Event "Titled Tuesday Blitz June 20 Early 2023"]
[White "Ramirez Vido, Robert Yorisan"]
[Black "Sanudula, K M Dahamdi"]
[WhiteFideId "3513823"]
[BlackFideId "9932470"]
[WhiteElo "2401"]
[BlackElo "1501"]
[Result "1-0"]
[Round "3"]
[TimeControl "180+2"]
[Date "2023.06.20"]
[WhiteClock "0:02:21"]
[BlackClock "0:02:25"]
[Board "213"]

1. Nf3 Nf6 2. g3 e6 3. Bg2 d5 4. O-O Be7 5. d3 b6 6. Nbd2 Bb7 7. e4 dxe4 8. dxe4 Nxe4 9. Ne5 Nd6 10. Bxb7 Nxb7 11. Qf3 Qc8 12. Qxf7+ Kd8 13. Ne4 Nd7 14. Nc6# 1-0


[Site "https://www.chess.com"]

[Event "Titled Tuesday Blitz June 20 Early 2023"]
[White "Quirke, Jeffrey"]
[Black "Zia, Tahsin Tajwar"]
[WhiteFideId "2013029"]
[BlackFideId "10211888"]
[WhiteElo "2194"]
[BlackElo "2062"]
[Result "1-0"]
[Round "3"]
[TimeControl "180+2"]
[Date "2023.06.20"]
[WhiteClock "0:00:06"]
[BlackClock "0:00:58"]
[Board "214"]

1. e4 c5 2. Nc3 a6 3. g3 b5 4. Bg2 Bb7 5. d3 g6 6. Nh3 Bg7 7. O-O Nc6 8. f4 e6 9. e5 d5 10. exd6 Qxd6 11. Ne4 Qd4+ 12. Kh1 O-O-O 13. Nhg5 Nh6 14. Nf3 Qd5 15. Be3 Nd4 16. c3 Ng4 17. Bg1 f5 18. Neg5 Nxf3 19. Bxf3 Qxd3 20. Bxb7+ Kxb7 21. Nf7 Qxd1 22. Raxd1 Rxd1 23. Rxd1 Rf8 24. Ng5 Kc6 25. Nxe6 Rf7 26. Nxg7 Rxg7 27. Rd8 c4 28. h3 Nf6 29. Bd4 Rf7 30. Kg2 Ne4 31. Kf3 Re7 32. Ra8 Nd2+ 33. Kf2 Kd5 34. Rxa6 Ke4 35. Rb6 Kd3 36. Rxb5 Re2+ 37. Kg1 Nf3+ 38. Kf1 Nh2+ 39. Kg1 Nf3+ 40. Kf1 Nd2+ 41. Kg1 Ne4 42. a4 Nxg3 43. a5 Nh5 44. a6 Re1+ 45. Kf2 Ra1 46. a7 Nxf4 47. Rb8 Nxh3+ 48. Kg3 Ng5 49. a8=Q Ne4+ 50. Kg2 Rxa8 51. Rxa8 g5 52. Rh8 f4 53. Rxh7 g4 54. Rf7 f3+ 55. Kf1 Kc2 56. Rf4 Ng3+ 57. Kf2 Nh1+ 58. Kg1 g3 59. Rxf3 Kxb2 60. Kxh1 1-0


[Site "https://www.chess.com"]

[Event "Titled Tuesday Blitz June 20 Early 2023"]
[White "Silva Lucena, Cristian"]
[Black "KSho99"]
[WhiteFideId "2232588"]
[WhiteElo "2223"]
[BlackElo "2189"]
[Result "1-0"]
[Round "3"]
[TimeControl "180+2"]
[Date "2023.06.20"]
[WhiteClock "0:00:53"]
[BlackClock "0:00:00"]
[Board "215"]

1. Nf3 d5 2. e3 Nc6 3. c4 Nf6 4. cxd5 Nxd5 5. Nc3 e5 6. Bb5 Nxc3 7. bxc3 Bd6 8. d4 exd4 9. cxd4 O-O 10. O-O Bg4 11. h3 Bh5 12. Be2 Re8 13. Qb3 Rb8 14. Bd2 Qf6 15. Rfc1 Bg6 16. Qa4 Be4 17. Be1 Qg6 18. Qb5 h6 19. a4 a6 20. Qb3 Re6 21. Nh4 Qg5 22. f4 Qd8 23. Bc4 Re7 24. Qd1 Nb4 25. Bxb4 Bxb4 26. Qg4 Qd7 27. f5 g5 28. Ng6 Kg7 29. Nxe7 Bxe7 30. f6+ Bxf6 31. Qxd7 1-0


[Site "https://www.chess.com"]

[Event "Titled Tuesday Blitz June 20 Early 2023"]
[White "Zallio, Luciano de Souza"]
[Black "Guzman Moneo, Alberto"]
[WhiteFideId "2109700"]
[BlackFideId "2209616"]
[WhiteElo "2057"]
[BlackElo "2157"]
[Result "0-1"]
[Round "3"]
[TimeControl "180+2"]
[Date "2023.06.20"]
[WhiteClock "0:01:12"]
[BlackClock "0:01:51"]
[Board "216"]

1. e4 e6 2. d4 d5 3. e5 c5 4. c3 Nc6 5. Nf3 Bd7 6. Be2 Qb6 7. dxc5 Bxc5 8. O-O a5 9. a4 Nge7 10. Bd3 Ng6 11. Qe2 O-O 12. h4 f6 13. exf6 gxf6 14. Bh6 Rfe8 15. Na3 e5 16. h5 Nh8 17. Nh4 e4 18. Bb5 Nf7 19. Be3 Re5 20. g4 Kh8 21. Rad1 Rg8 22. Kh1 Bxg4 23. f3 exf3 24. Bxc5 fxe2 25. Bxb6 exd1=Q 26. Rxd1 Bxd1 0-1


[Site "https://www.chess.com"]

[Event "Titled Tuesday Blitz June 20 Early 2023"]
[White "Nikologorsky, Matfei"]
[Black "Dzhaparov, Medet"]
[WhiteFideId "24102474"]
[BlackFideId "13803689"]
[WhiteElo "2153"]
[BlackElo "1690"]
[Result "1-0"]
[Round "3"]
[TimeControl "180+2"]
[Date "2023.06.20"]
[WhiteClock "0:00:52"]
[BlackClock "0:00:23"]
[Board "217"]

1. e4 d5 2. exd5 Nf6 3. Bb5+ c6 4. dxc6 bxc6 5. Be2 Bb7 6. Nf3 Nbd7 7. d4 e6 8. O-O Bd6 9. c4 O-O 10. Nc3 c5 11. Nb5 Qb6 12. Nxd6 Qxd6 13. dxc5 Qxd1 14. Rxd1 Nxc5 15. Be3 Nce4 16. h3 Rad8 17. Kf1 Ba6 18. Ne5 Rxd1+ 19. Rxd1 Rc8 20. Bxa7 Ne8 21. b3 f6 22. Nf3 Rc7 23. Bd4 e5 24. Bb6 Rb7 25. Ba5 Kf7 26. Nd2 Nxd2+ 27. Rxd2 Ra7 28. Ke1 Bb7 29. Bb6 Ra6 30. Rd7+ Ke6 31. Rxb7 Nd6 32. Rb8 1-0


[Site "https://www.chess.com"]

[Event "Titled Tuesday Blitz June 20 Early 2023"]
[White "zano2023"]
[Black "Lopez Del Alamo, Antonio"]
[BlackFideId "2227339"]
[WhiteElo "2177"]
[BlackElo "2175"]
[Result "0-1"]
[Round "3"]
[TimeControl "180+2"]
[Date "2023.06.20"]
[WhiteClock "0:00:00"]
[BlackClock "0:00:20"]
[Board "218"]

1. d4 Nf6 2. Nd2 g6 3. e4 Bg7 4. Ngf3 d6 5. Bd3 a6 6. O-O O-O 7. Re1 b5 8. Nf1 Bb7 9. Ng3 Nbd7 10. h3 e5 11. c3 c6 12. Be3 Qc7 13. Qd2 Rfe8 14. Bh6 Bh8 15. Ng5 c5 16. d5 c4 17. Bc2 Nc5 18. f4 Qe7 19. f5 Bg7 20. Nf3 Bxh6 21. Qxh6 Qf8 22. Qg5 Qg7 23. fxg6 fxg6 24. Rf1 Rf8 25. Nh4 Bc8 26. Rf3 Ra7 27. Raf1 Raf7 28. b4 cxb3 29. axb3 Bd7 30. R3f2 a5 31. b4 axb4 32. cxb4 Na6 33. Qd2 Ne8 34. Rxf7 Rxf7 35. Rxf7 Qxf7 36. Ne2 Kg7 37. Nf3 h6 38. Bd3 Qe7 39. Ne1 Qd8 40. Nc2 Qb6+ 41. Kf1 Nf6 42. Qc3 Nh5 43. g4 Nf6 44. Ng3 h5 45. gxh5 Bxh3+ 46. Ke1 gxh5 47. Nf5+ Bxf5 48. exf5 Qg1+ 49. Bf1 h4 50. Qc8 h3 51. Qxa6 h2 52. Qb7+ Kh6 53. Qf7 Kg5 54. Qg6+ Kf4 55. Qh6+ Ke4 56. Qh4+ Kxd5 57. Ne3+ Kc6 58. Qxf6 Qxe3+ 59. Kd1 h1=Q 0-1


[Site "https://www.chess.com"]

[Event "Titled Tuesday Blitz June 20 Early 2023"]
[White "Abduzhaparov"]
[Black "Samarth J Rao"]
[BlackFideId "46652370"]
[WhiteElo "2381"]
[BlackElo "1564"]
[Result "1-0"]
[Round "3"]
[TimeControl "180+2"]
[Date "2023.06.20"]
[WhiteClock "0:00:05"]
[BlackClock "0:00:37"]
[Board "219"]

1. Nf3 Nf6 2. c4 e6 3. g3 d5 4. Bg2 Be7 5. d4 O-O 6. Qc2 c6 7. O-O b6 8. Rd1 Nbd7 9. Nc3 Bb7 10. b3 Rc8 11. Bf4 Re8 12. Ne5 Nf8 13. e4 Ng6 14. Nxg6 hxg6 15. exd5 cxd5 16. Qe2 Qd7 17. Rac1 Ba3 18. Rc2 Ba6 19. Nb5 Bxb5 20. cxb5 Rxc2 21. Qxc2 Qxb5 22. Bf1 Qd7 23. Ba6 Ne4 24. Qd3 Rd8 25. Bb5 Qe7 26. Ba6 g5 27. Be3 f6 28. f3 Nd6 29. Rd2 Rd7 30. Rc2 Rc7 31. Bd2 Nf5 32. b4 Rxc2 33. Qxc2 Bxb4 34. Qc8+ Kf7 35. Bc1 Nxd4 36. Kg2 Qc5 37. Qd7+ Kg6 38. Bd3+ Kh6 39. Bxg5+ fxg5 40. Qf7 Nf5 41. Qxe6+ Kh7 42. Bxf5+ Kh8 43. Qg6 Kg8 44. Be6+ Kh8 45. Qh5# 1-0


[Site "https://www.chess.com"]

[Event "Titled Tuesday Blitz June 20 Early 2023"]
[White "Petrova, Irina"]
[Black "Cueto, Jonny"]
[WhiteFideId "14124122"]
[BlackFideId "3300145"]
[WhiteElo "2084"]
[BlackElo "2240"]
[Result "0-1"]
[Round "3"]
[TimeControl "180+2"]
[Date "2023.06.20"]
[WhiteClock "0:00:03"]
[BlackClock "0:00:15"]
[Board "220"]

1. e4 e6 2. d4 d5 3. Nc3 Nf6 4. Bg5 Be7 5. e5 Nfd7 6. Bxe7 Qxe7 7. f4 a6 8. Nf3 c5 9. Bd3 Nc6 10. dxc5 Nxc5 11. Qd2 b5 12. a3 Rb8 13. O-O Bd7 14. Rad1 g6 15. Kh1 O-O 16. Ne2 a5 17. Ned4 b4 18. Nxc6 Bxc6 19. Nd4 Rfc8 20. axb4 Rxb4 21. c3 Nb3 22. Nxb3 Rxb3 23. Ra1 a4 24. Ra2 Rcb8 25. c4 Qb7 26. f5 Rxb2 27. Rxb2 Qxb2 28. Qh6 dxc4 29. Rg1 Qxe5 30. fxg6 hxg6 31. Bxc4 Rb2 32. Bf1 a3 33. Qc1 a2 34. Qa1 Qc3 35. h3 Qd2 36. Kh2 Rb1 37. Qe5 Rxf1 38. Qb8+ Kh7 39. Qf8 Rf6 40. Qe7 Kg7 41. Qxf6+ Kxf6 42. h4 Qxg2+ 43. Rxg2 Bxg2 44. Kxg2 a1=Q 45. Kg3 Kf5 46. Kh3 Qc3+ 47. Kh2 Kg4 48. h5 Qd2+ 49. Kh1 Kg3 50. hxg6 Qe1# 0-1


[Site "https://www.chess.com"]

[Event "Titled Tuesday Blitz June 20 Early 2023"]
[White "Butti, Enrique"]
[Black "sebastianmarinp"]
[WhiteFideId "3700470"]
[WhiteElo "2080"]
[BlackElo "2379"]
[Result "1/2-1/2"]
[Round "3"]
[TimeControl "180+2"]
[Date "2023.06.20"]
[WhiteClock "0:00:16"]
[BlackClock "0:00:06"]
[Board "221"]

1. d4 Nf6 2. c4 e6 3. Nc3 Bb4 4. Bg5 h6 5. Bh4 b6 6. f3 g5 7. Bf2 Bxc3+ 8. bxc3 Nc6 9. e4 Ba6 10. h4 g4 11. h5 Qe7 12. Bh4 e5 13. Ne2 Bxc4 14. Ng3 Bxf1 15. Rxf1 O-O-O 16. Nf5 Qa3 17. Bxf6 Qxc3+ 18. Kf2 gxf3 19. gxf3 exd4 20. Nxd4 Qc5 21. Rc1 Qxh5 22. Bxh8 Rxh8 23. Nxc6 dxc6 24. Rxc6 Qh2+ 25. Ke3 Rd8 26. Qc2 Qe5 27. Rc1 Kb8 28. Rxc7 Qg5+ 29. Ke2 Qg2+ 30. Ke3 Qg5+ 31. Ke2 Qg2+ 32. Ke3 Qg5+ 1/2-1/2


[Site "https://www.chess.com"]

[Event "Titled Tuesday Blitz June 20 Early 2023"]
[White "Osinovsky, Stepan"]
[Black "Sariego Figueredo, Wilfredo"]
[WhiteFideId "4157354"]
[BlackFideId "3500080"]
[WhiteElo "2222"]
[BlackElo "2309"]
[Result "0-1"]
[Round "3"]
[TimeControl "180+2"]
[Date "2023.06.20"]
[WhiteClock "0:00:00"]
[BlackClock "0:01:19"]
[Board "222"]

1. Nf3 c5 2. g3 d5 3. Bg2 Nc6 4. O-O e5 5. d3 Nf6 6. Nbd2 Be7 7. e4 dxe4 8. dxe4 Bg4 9. c3 Qc7 10. a4 Rd8 11. a5 Nxe4 12. a6 b6 13. Qa4 Nxd2 14. Nxe5 O-O 15. Nxc6 Nxf1 16. Bf4 Qd7 17. Bxf1 Rc8 18. Bb5 Qe6 19. Ne5 Rcd8 20. Nc6 Bd6 21. Nxd8 Rxd8 22. Bxd6 Qxd6 23. Qxg4 h6 24. Bc4 Qf6 25. Re1 Rd2 26. Re2 Rd1+ 27. Kg2 Rd8 28. Qe4 Qd6 29. h4 Qf6 30. h5 Qg5 31. Bd3 f5 0-1


[Site "https://www.chess.com"]

[Event "Titled Tuesday Blitz June 20 Early 2023"]
[White "Nikulina, Alena"]
[Black "Melikhov, Evgeny V."]
[WhiteFideId "4172051"]
[BlackFideId "4122046"]
[WhiteElo "1608"]
[BlackElo "2158"]
[Result "0-1"]
[Round "3"]
[TimeControl "180+2"]
[Date "2023.06.20"]
[WhiteClock "0:00:10"]
[BlackClock "0:00:25"]
[Board "224"]

1. e4 c5 2. Nf3 d6 3. c3 Nf6 4. h3 Bd7 5. Bd3 e6 6. Bc2 Bc6 7. d3 Nbd7 8. O-O Qc7 9. Re1 Be7 10. d4 b6 11. a4 a6 12. Na3 Rc8 13. Bf4 Bb7 14. Rc1 O-O 15. e5 Nd5 16. exd6 Bxd6 17. Bxd6 Qxd6 18. Nc4 Qf4 19. Qd3 g6 20. Nce5 Nxe5 21. Nxe5 Qg5 22. g3 Nf4 23. Qf1 cxd4 24. cxd4 Nd5 25. Be4 Qe7 26. Rxc8 Rxc8 27. Rc1 f6 28. Nd3 Qd6 29. Rxc8+ Bxc8 30. Qc1 Qc7 31. Qxc7 Nxc7 32. Nb4 Kf7 33. Nc6 Ke8 34. Nb4 a5 35. Nd3 Ke7 36. Bc6 Kd6 37. Bf3 Bd7 38. Kf1 Bxa4 39. Ke2 Bb5 40. Kd2 Bxd3 41. Kxd3 e5 42. dxe5+ Kxe5 43. Bd1 b5 44. f4+ Kd6 45. Kd4 Ne6+ 46. Ke3 Kc5 47. Be2 Nd4 48. Bd3 a4 49. Kd2 b4 50. Be4 Nb5 51. Bd3 Nd6 52. Be2 Kd4 53. Bf3 Ne4+ 54. Bxe4 Kxe4 55. Ke2 a3 56. bxa3 bxa3 57. Kd2 a2 0-1


[Site "https://www.chess.com"]

[Event "Titled Tuesday Blitz June 20 Early 2023"]
[White "Vargas Rodriguez, Wilver"]
[Black "Gu, Xiaobing"]
[WhiteFideId "3509672"]
[BlackFideId "8602611"]
[WhiteElo "2245"]
[BlackElo "2174"]
[Result "0-1"]
[Round "3"]
[TimeControl "180+2"]
[Date "2023.06.20"]
[WhiteClock "0:00:00"]
[BlackClock "0:01:01"]
[Board "225"]

1. Nf3 Nf6 2. c4 g6 3. b4 Bg7 4. Bb2 O-O 5. g3 a5 6. b5 d6 7. Bg2 e5 8. O-O Nbd7 9. d3 Nc5 10. a4 Bg4 11. Nbd2 Qd7 12. Re1 Rae8 13. Qc2 Bh3 14. Bh1 Ng4 15. e3 h6 16. d4 Ne6 17. dxe5 dxe5 18. c5 f5 19. c6 bxc6 20. bxc6 Qf7 21. Ba3 e4 22. Nd4 Nxd4 23. exd4 Bxd4 24. Nf1 Bxf2+ 25. Qxf2 Nxf2 26. Bxf8 Qxf8 27. Kxf2 Qc5+ 28. Ne3 g5 29. Rec1 Qa7 30. Ke2 f4 31. gxf4 gxf4 32. Rg1+ Kf7 33. Ng4 f3+ 0-1


[Site "https://www.chess.com"]